 Dungeon Crawl Stone Soup version 0.30-a0-857-gcaf70739d4 (webtiles) character file.

Game seed: 3256651342684597216

1432547 dolemite99 the Slayer (level 27, 250/250 HPs)
             Began as a Djinni Necromancer on Mar 6, 2023.
             Was a High Priest of Ashenzari.
             Escaped with the Orb
             ... and 3 runes on Mar 8, 2023!
             The game lasted 04:23:03 (102792 turns).

dolemite99 the Slayer (Djinni Necromancer)        Turns: 102792, Time: 04:23:04

Health: 250/250    AC: 19    Str:  9    XL:     27
Gold:   4733       EV: 29    Int: 41    God:    Ashenzari [*****.] SH: 18 Dex: 18

rFire   + + .      SeeInvis +    a - +4 flail "Demonbane" {vamp, Int+5 Stlth+}
rCold   + . .      Faith    .    l - +4 kite shield of the Eternal Seer {reflect, Evo, Cun} (curse)
rNeg    + + .      Spirit   .    h - +2 acid dragon scales of Ashenzari's Soothsayer {rCorr, Melee, Self} (curse)
rPois   ∞          Reflect  +    J - +0 hat of the Ensconced Sage {Str+2 Int+4, Cun, Melee} (curse)
rElec   +          Rampage  .    i - +1 cloak "Chained Mysticism" {rPois Will+ Regen+ Int+3, Evo, Melee} (curse)
rCorr   +          Clarity  +    u - +2 pair of gloves of the Shackled Sage {rElec rN+, Self, Cun} (curse)
Will    +++..                    (boots unavailable)
Stlth   ++                       F - amulet of Star-Bound Wisdom {Regen+, Cun, Self} (curse)
HPRegen 2.21/turn                k - ring of the Perceptive God {rC+ rN+ EV+5 Dex+4, Melee, Range} (curse)
MPRegen 0.00/turn                t - ring of Mysticism {rC+ Stlth+}

@: flying, studying Polearms
A: sickness immunity, fire resistance 2, cold vulnerability 1, float, innate
caster, HP casting, extra vitality 1, iridescent scales 2, clumsy 1, deformed
body, robust 1, wild magic 1
0: Orb of Zot
}: 3/15 runes: serpentine, barnacled, silver
a: Renounce Religion, Curse Item, Shatter the Chains


You escaped.
You worshipped Ashenzari.
Ashenzari was extremely pleased with you.
You visited 11 branches of the dungeon, and saw 51 of its levels.
You also visited: Sewer and Ice Cave.

You collected 8899 gold pieces.
You spent 4166 gold pieces at shops.

Inventory:

Hand Weapons
 a - the +4 flail "Demonbane" (weapon) {vamp, Int+5 Stlth+}
   (You found it on level 10 of the Dungeon)

   Int:       It affects your intelligence (+5).
   Stlth:     It makes you more stealthy.
 b - the +3 demon blade of a sewer {venom, Str+4 Dex+5}
   (You acquired it on level 2 of the Depths)

   Str:       It affects your strength (+4).
   Dex:       It affects your dexterity (+5).
 I - the +5 war axe of Woe {freeze, rF++ Int+3}
   (You took it off a tengu reaver on level 5 of the Vaults)

   Int:       It affects your intelligence (+3).
   rF:        It greatly protects you from fire.
Missiles
 f - 2 throwing nets
 m - 8 javelins
 A - 21 boomerangs (quivered)
Armour
 h - the cursed +2 acid dragon scales of Ashenzari's Soothsayer (worn) {rCorr, Melee, Self}
   (You found it on level 9 of the Dungeon)

   rCorr:     It protects you from acid and corrosion.
   It has a curse which improves the following skills: Melee Combat: Short
   Blades, Long Blades, Axes, Maces & Flails, Polearms, Staves and Unarmed
   Combat.
   Introspection: Fighting and Spellcasting.
 i - the cursed +1 cloak "Chained Mysticism" (worn) {rPois Will+ Regen+ Int+3, Evo, Melee}
   (You found it on level 2 of the Vaults)

   Int:       It affects your intelligence (+3).
   rPois:     It protects you from poison.
   Regen:     It increases your rate of health regeneration.
   Will:      It increases your willpower.
   It has a curse which improves the following skills: Evocations: Evocations.
   Melee Combat: Short Blades, Long Blades, Axes, Maces & Flails, Polearms,
   Staves and Unarmed Combat.
 l - the cursed +4 kite shield of the Eternal Seer (worn) {reflect, Evo, Cun}
   (You took it off a naga warrior on level 4 of the Snake Pit)

   It has a curse which improves the following skills: Evocations: Evocations.
   Cunning:   Dodging and Stealth.
 u - the cursed +2 pair of gloves of the Shackled Sage (worn) {rElec rN+, Self, Cun}
   (You found it on level 5 of the Lair of Beasts)

   rElec:     It insulates you from electricity.
   rN:        It protects you from negative energy.
   It has a curse which improves the following skills: Introspection: Fighting
   and Spellcasting.
   Cunning:   Dodging and Stealth.
 J - the cursed +0 hat of the Ensconced Sage (worn) {Str+2 Int+4, Cun, Melee}
   (You found it on level 2 of the Orcish Mines)

   Str:       It affects your strength (+2).
   Int:       It affects your intelligence (+4).
   It has a curse which improves the following skills: Cunning: Dodging and
   Stealth.
   Melee Combat: Short Blades, Long Blades, Axes, Maces & Flails, Polearms,
   Staves and Unarmed Combat.
Jewellery
 k - the cursed ring of the Perceptive God (left hand) {rC+ rN+ EV+5 Dex+4, Melee, Range}
   (You bought it in a shop on level 2 of the Snake Pit)

   [ring of evasion]

   EV:        It affects your evasion (+5).
   Dex:       It affects your dexterity (+4).
   rC:        It protects you from cold.
   rN:        It protects you from negative energy.
   It has a curse which improves the following skills: Melee Combat: Short
   Blades, Long Blades, Axes, Maces & Flails, Polearms, Staves and Unarmed
   Combat.
   Ranged Combat: Ranged Weapons and Throwing.
 p - the ring of Sateh {Fly Will+}
   (You found it on level 4 of the Vaults)

   [ring of willpower]

   Fly:       It grants you flight.
   Will:      It increases your willpower.
 t - the ring of Mysticism (right hand) {rC+ Stlth+}
   (You found it on level 3 of the Crypt)

   [ring of protection from cold]

   rC:        It protects you from cold.
   Stlth:     It makes you more stealthy.
 w - the ring "Esunelou" {rF+ rN+}
   (You found it on level 5 of the Vaults)

   [ring of protection from fire]

   rF:        It protects you from fire.
   rN:        It protects you from negative energy.
 y - a ring of protection from cold
 z - the ring of Xeuq {rF+ rC- Will+++ Str+4}
   (You found it in an ice cave)

   [ring of protection from fire]

   Str:       It affects your strength (+4).
   rF:        It protects you from fire.
   rC:        It makes you vulnerable to cold.
   Will:      It greatly increases your willpower.
 F - the cursed amulet of Star-Bound Wisdom (around neck) {Regen+, Cun, Self}
   (You found it on level 11 of the Dungeon)

   [amulet of regeneration]

   Regen:     It increases your rate of health regeneration.
   It has a curse which improves the following skills: Cunning: Dodging and
   Stealth.
   Introspection: Fighting and Spellcasting.
 K - the ring of Utsotul {rElec rN+ Str+3 Stlth+}
   (You took it off a fire giant on level 3 of the Depths)

   [ring of positive energy]

   Str:       It affects your strength (+3).
   rElec:     It insulates you from electricity.
   rN:        It protects you from negative energy.
   Stlth:     It makes you more stealthy.
 V - the ring of the Thistle {rF+ rN+ rCorr Int-3}
   (You took it off a vampire knight on level 3 of the Crypt)

   [ring of positive energy]

   Int:       It affects your intelligence (-3).
   rF:        It protects you from fire.
   rN:        It protects you from negative energy.
   rCorr:     It protects you from acid and corrosion.
 W - the ring "Raxtysm" {Fly Str+5 Dex+2 Stlth+}
   (You found it in an ice cave)

   [ring of flight]

   Str:       It affects your strength (+5).
   Dex:       It affects your dexterity (+2).
   Fly:       It grants you flight.
   Stlth:     It makes you more stealthy.
Wands
 o - a wand of paralysis (15)
 B - a wand of roots (12)
 C - a wand of digging (15)
 E - a wand of mindburst (28)
 L - a wand of acid (5)
 Q - a wand of flame (57)
 R - a wand of polymorph (19)
Scrolls
 d - a scroll of brand weapon
 n - 9 scrolls of vulnerability
 q - 3 scrolls of fear
 v - 24 scrolls of teleportation
 D - 7 scrolls of blinking
 G - 6 scrolls of silence
 M - 5 scrolls of fog
 S - 5 scrolls of poison
Potions
 e - 7 potions of might
 g - 20 potions of curing
 j - 8 potions of cancellation
 r - 5 potions of resistance
 s - 13 potions of ambrosia
 P - 3 potions of invisibility
 X - 2 potions of heal wounds
 Y - 5 potions of brilliance
 Z - 16 potions of mutation
Miscellaneous
 x - a tin of tremorstones (2/2)
 H - a lightning rod (4/4)
 N - a phantom mirror
 O - a condenser vane
 T - a box of beasts
 U - a phial of floods


   Skills:
 - Level 24.5(27) Fighting
 - Level 16.0(21.4) Long Blades
 - Level 5.7(8.0) Throwing
 - Level 15.0 Armour
 - Level 17.2(22.5) Dodging
 - Level 3.5(8.1) Stealth
 - Level 15.0 Shields
 - Level 10.0(15.4) Unarmed Combat
 + Level 21.8(25.9) Spellcasting
 - Level 19.2(22.4) Evocations


You knew the following spells:

 Your Spells              Type           Power      Damage    Failure   Level
a - Freezing Cloud        Conj/Ice/Air   74%        6-21      1%          5
b - Ozocubu's Refrigerat  Ice            74%        4d24      1%          7
c - Vampiric Draining     Necr           100%       2d13      1%          3
d - Iron Shot             Conj/Erth      74%        9d14      1%          6
e - Agony                 Necr           100%       N/A       1%          5
f - Passwall              Tmut/Erth      100%       N/A       1%          2
g - Ignite Poison         Fire/Tmut/Pois 100%       N/A       1%          3
h - Ice Form              Ice/Tmut       100%       N/A       1%          4
i - Freeze                Ice            100%       1d10      1%          1
j - Necrotise             Necr           100%       1d9       1%          1
k - Dragon Form           Tmut           74%        N/A       1%          7
l - Sticky Flame          Conj/Fire      100%       2d11      1%          4
m - Maxwell's Capacitive  Air            74%        ∞         1%          8
n - Orb of Destruction    Conj           74%        9d17      1%          7
o - Polar Vortex          Ice            74%        N/A       3%          9
p - Dragon's Call         Summ           74%        N/A       3%          9
z - Animate Dead          Necr           100%       N/A       1%          4
Your spell library was empty.

Dungeon Overview and Level Annotations

Branches:
Dungeon (15/15)            Temple (1/1) D:7            Lair (5/5) D:9
 Shoals (4/4) Lair:2        Snake (4/4) Lair:2        Slime (0/5) Lair:5
    Orc (2/2) D:10            Elf (3/3) Orc:2        Vaults (5/5) D:14
  Crypt (3/3) Vaults:2       Tomb (0/3) Crypt:3      Depths (4/4) D:15
    Zot (5/5) Depths:4      Sewer (visited)           IceCv (visited)

Altars:
Ashenzari
Cheibriados
Dithmenos
Elyvilon
Fedhas
Gozag
Hepliaklqana
Makhleb
Nemelex Xobeh
Okawaru
Qazlal
Ru
Trog
Uskayaw
Wu Jian
Xom
Yredelemnul
Zin
The Shining One
Jiyva

Shops:
D:11 *   D:14 *   Orc:2 *!(?   Elf:1 (   Snake:2 =   Vaults:1 :

Portals:
Hell: Depths:1 Depths:2 Depths:3 Depths:4
Abyss: Depths:1 Depths:3
Pandemonium: Depths:2
Ziggurat: Depths:4

Annotations:
D:7 exclusion: upstairs
D:10 2 transporters
Lair:3 exclusion: oklob plant
Orc:1 exclusion: downstairs
Elf:1 1 runed translucent door
Elf:2 3 runed translucent doors
Vaults:3 2 transporters
Depths:2 exclusion: downstairs
Zot:4 1 runed translucent door, Ytolar's ghost, legendary DsFi


Innate Abilities, Weirdness & Mutations

You are immune to sickness and miasma.
You are immune to poison.
Your flesh is very heat resistant. (rF++)
You are vulnerable to cold. (rC-)
You float through the air rather than walking.
You learn spells naturally, not from books.
Your magical power is your life essence.
You have superior vitality. (+4 MHP)
You are mostly covered in iridescent scales. (AC +4)
You are clumsy. (Dex -2)
Armour fits poorly on your strangely shaped body.
You are robust. (+10% HP)
Your spells are a little harder to cast, but a little more powerful.


Message History

You can't see any susceptible monsters within range! (Use Z to cast anyway.)
There is a stone staircase leading up here.
You fly upwards.
There is a stone staircase leading down here.
You sense a monster nearby.
Unknown command.
A soul eater comes into view.
Okay, then.
Unknown command.
Casting: Iron Shot (safe; 1% risk of failure)
Confirm with . or Enter, or press ? or * to list all spells.
Aiming: Passwall (safe; 1% risk of failure)
Press: ? - help, Dir - move target A rock wall.
This square is covered in magical glow.
HP restored.
You begin to meditate on the wall.
You continue meditating on the rock. x3
You finish merging with the rock.
Casting: Passwall (safe; 1% risk of failure)
Confirm with . or Enter, or press ? or * to list all spells.
Aiming: Passwall (safe; 1% risk of failure)
Press: ? - help, Dir - move target A rock wall.
This square is covered in magical glow.
You begin to meditate on the wall.
You continue meditating on the rock. x2
You finish merging with the rock.
Casting: Passwall (safe; 1% risk of failure)
Confirm with . or Enter, or press ? or * to list all spells.
You can't see any susceptible monsters within range! (Use Z to cast anyway.)
Casting: Passwall (safe; 1% risk of failure)
Confirm with . or Enter, or press ? or * to list all spells.
Aiming: Passwall (safe; 1% risk of failure)
Press: ? - help, Dir - move target A rock wall.
This square is covered in magical glow.
You begin to meditate on the wall.
You continue meditating on the rock. x3
You finish merging with the rock.
There is a staircase leading out of the dungeon here.
There is a staircase leading out of the dungeon here.
You have escaped!

#.##.3.......
#.#########.. #3# ##.
#########.# ##..
#....3..#.# #...
######..####{#.########...
#..##..#####.[............
#..#...'..#..#.###.####...
#..#..##.@#.##.....#......
#..+..##..#.....###.......
#'##..#####..#####........
#['..#######.# #........
###..#....#[.# #.).....#
#...'....#.## ##......#
#..#######.# ##.......
##.†....Z..# #.......#
########### #.......#


There were no monsters in sight!

Vanquished Creatures
  A seraph (D:2)
  A pandemonium lord (D:7)
  3 dread liches
  2 ancient liches
  5 orbs of fire
  Khufu (Crypt:2)
  A juggernaut (Depths:4)
  Sojobo (Vaults:3)
  A royal mummy (Crypt:2)
  Josephina (Depths:4)
  Vv (Crypt:2)
  Bai Suzhen (Shoals:3)
  10 Killer Klowns
  Frederick (Crypt:2)
  Saint Roka (Crypt:2)
  6 caustic shrikes
  Xtahua (Vaults:5)
  A curse toe (Zot:2)
  13 golden dragons
  A Tzitzimitl (D:2)
  A bone dragon (Depths:1)
  A Brimstone Fiend (Zot:2)
  2 doom hounds (Crypt:2)
  3 electric golems
  17 tentacled monstrosities
  An Ice Fiend (D:7)
  8 liches
  A hellephant (D:8)
  A Hell Sentinel (Depths:1)
  21 Orb Guardians
  A walking earthen tome (Depths:4)
  14 quicksilver dragons
  2 titans (Vaults:5)
  4 deep elf blademasters (Elf:3)
  Grunn (Crypt:2)
  The ghost of Foashama the Severer, an adept DsWr of Gozag (Elf:2)
  A deep elf master archer (Elf:3)
  A walking frostbound tome (Depths:3)
  4 death cobs
  A kraken (Shoals:3)
  5 ancient champions
  Agnes (Elf:1)
  4 sphinxes (Vaults:5)
  10 storm dragons
  Kirke (Shoals:1)
  A nagaraja (Snake:3)
  4 tengu reavers
  6 draconian monks
  Roxanne (Elf:1)
  21 shadow dragons
  4 revenants
  3 frost giants
  17 fire giants
  5 draconian scorchers
  8 deep elf sorcerers
  8 draconian shifters
  2 ghost moths
  An iron dragon (Depths:4)
  11 vault wardens
  8 draconian annihilators
  2 orc warlords
  7 deep elf elementalists (Elf:3)
  A spriggan defender (Depths:3)
  6 draconian stormcallers
  4 angels
  5 curse skulls
  2 ghouls (Crypt:2)
  A broodmother (shapeshifter) (Vaults:4)
  A juggernaut skeleton (Crypt:1)
  8 very ugly things
  2 caustic shrike skeletons (Crypt:2)
  10 ironbound preservers
  A war gargoyle (Vaults:5)
  16 stone giants
  10 black draconians
  2 reapers
  6 ironbound thunderhulks
  Nessos (D:14)
  14 green draconians
  9 vampire knights
  4 lorocyprocas (Depths:2)
  21 purple draconians
  4 deep elf demonologists (Elf:3)
  10 yellow draconians
  The ghost of GiantSquids the Severer, a journeyman HOBe of Trog (Orc:2)
  11 white draconians
  8 dire elephants (Vaults:3)
  11 deep elf annihilators
  9 red draconians
  3 spark wasps
  10 ettins
  Snorg (Lair:5)
  4 eidola
  14 deep elf death magi
  A green death (Zot:1)
  A crystal guardian (Vaults:4)
  3 merfolk javelineers
  9 fire dragons
  2 merfolk impalers
  5 entropy weavers
  3 great orbs of eyes
  15 jiangshi
  The ghost of Dittersdorf the Peltast, a journeyman GrFi of Okawaru (Lair:1)
  6 deep elf high priests
  2 rakshasas
  14 yaktaur captains
  2 salamander tyrants (Snake:4)
  A radroach (shapeshifter) (Depths:2)
  20 vault guards
  A caustic shrike simulacrum (Depths:1)
  15 centaur warriors
  2 ogre magi
  A juggernaut simulacrum (Depths:4)
  17 ice dragons
  3 peacekeepers
  5 death knights
  A catoblepas (Lair:3)
  3 merfolk aquamancers
  A spriggan skeleton (Crypt:1)
  2 merfolk avatars
  4 boulder beetles
  6 hydras
  2 spriggan air magi
  12 anacondas
  2 hell beasts (Depths:1)
  5 naga warriors
  16 dancing weapons
  3 death yaks (Lair:4)
  6 two-headed ogres
  7 ironbound frosthearts
  4 deep troll shamans
  11 deep troll earth magi
  The ghost of Likado the Spear-Bearer, a novice MfRe of Ashenzari (D:7)
  Urug (D:13)
  2 orc high priests (Orc:2)
  12 vampire magi
  5 shock serpents
  14 naga sharpshooters
  6 deep elf knights
  4 spriggan berserkers
  3 tengu warriors
  A sun demon (D:7)
  The ghost of Rudyous the Fighter, a novice MiFi of Qazlal (D:7)
  2 soul eaters
  13 hell knights
  8 iron trolls
  5 shadow wraiths
  Amaemon (Lair:2)
  A sixfirhy (Depths:2)
  17 sea snakes
  3 salamander mystics
  7 skeletal warriors
  A bunyip zombie (Crypt:2)
  33 deep trolls
  A ghost moth zombie (Crypt:2)
  4 flayed ghosts
  4 skysharks
  5 large abominations (Depths:1)
  An ogre zombie (Vaults:4)
  2 shadow demons
  An anaconda zombie (Crypt:1)
  A death drake (shapeshifter) (Vaults:5)
  10 naga ritualists
  An iron giant zombie (Crypt:3)
  2 iron giant skeletons
  2 orange crystal statues
  6 lindwurms
  12 wizards
  9 necromancers
  19 phantasmal warriors
  11 deep elf archers
  9 orc knights
  An ugly thing zombie (Vaults:4)
  A jorogumo zombie (Crypt:2)
  27 ugly things
  Pikel (D:8)
  17 ironbound convokers
  The ghost of nocore the Jinx, a novice NaEn of Hepliaklqana (D:7)
  20 deep elf zephyrmancers
  7 mana vipers
  15 deep elf pyromancers
  2 draconian zombies (Zot:1)
  21 harpies
  The ghost of mandoloar the Chiller, a novice GnIE of Vehumet (D:7)
  A cyclops (shapeshifter) (Elf:1)
  12 manticores
  8 cyclopes
  4 oklob plants (Lair:4)
  2 sphinx skeletons
  An orc sorcerer (Orc:1)
  4 fauns
  A faun (shapeshifter) (Vaults:5)
  24 salamanders
  7 merfolk sirens
  An iron dragon skeleton (Crypt:1)
  27 moths of wrath
  A rust devil (Zot:1)
  7 naga magi
  An eye of devastation (shapeshifter) (D:13)
  30 black mambas
  2 elf zombies
  2 centaur zombies
  8 storm dragon simulacra (IceCv)
  An alligator snapping turtle zombie (Crypt:2)
  10 water nymphs
  A guardian serpent (Snake:4)
  The ghost of petzl the Magician, a novice FoDe (D:7)
  10 vault sentinels
  2 ice statues (Shoals:4)
  A pale draconian zombie (Crypt:2)
  A kobold demonologist (Depths:2)
  11 komodo dragons
  3 orange demons
  4 rime drakes
  A dire elephant skeleton (Crypt:2)
  5 freezing wraiths
  11 cane toads
  A yellow draconian zombie (Crypt:2)
  Maggie (D:8)
  32 yaktaurs
  2 ice devils
  An efreet (D:15)
  A sea snake zombie (Crypt:1)
  A guardian mummy (Crypt:3)
  A mana viper zombie (Snake:3)
  An anaconda simulacrum (Crypt:1)
  3 tengu conjurers
  A red devil (D:7)
  6 golden dragon simulacra (IceCv)
  5 wind drakes
  A troll (shapeshifter) (D:15)
  7 polar bears
  23 merfolk
  2 meliai (Lair:4)
  A queen bee (Lair:4)
  2 hellwings
  A hydra skeleton (Crypt:3)
  A harpy skeleton (Crypt:3)
  5 hornets
  7 trolls
  2 saltlings (Vaults:2)
  2 sphinx simulacra (Depths:4)
  A deep troll zombie (Depths:3)
  5 snapping turtles
  A blink frog (shapeshifter) (Vaults:5)
  An ettin zombie (Depths:1)
  10 dream sheep
  A human simulacrum (Vaults:3)
  A tarantella zombie (Crypt:1)
  An ice dragon zombie (Crypt:3)
  An iron dragon simulacrum (Depths:4)
  15 slime creatures
  Sigmund (D:6)
  2 black mamba zombies (Snake:3)
  9 blink frogs
  12 flying skulls
  A slime creature zombie (Vaults:4)
  7 small abominations (Depths:1)
  An ettin skeleton (Crypt:3)
  23 spriggans
  A jumping spider (shapeshifter) (Vaults:4)
  8 water elementals
  16 wraiths
  34 yaks
  11 wyverns
  2 fire bats (D:6)
  8 basilisks
  9 fire elementals
  A hog (Shoals:1)
  A chaos spawn (Depths:2)
  19 humans
  A neqoxec (Depths:2)
  7 redbacks
  A steam dragon (D:8)
  Menkaure (D:6)
  21 vampire mosquitoes
  10 wargs
  3 acid dragons
  A skyshark zombie (Lair:5)
  29 nagas
  9 water moccasins
  A demonspawn skeleton (Crypt:3)
  A floating eye (Depths:3)
  2 glowing shapeshifter skeletons
  A hornet zombie (Lair:5)
  A water nymph skeleton (Crypt:1)
  An ice beast (D:7)
  2 sky beasts
  5 human zombies
  2 black bears (Lair:5)
  4 ice dragon simulacra (IceCv)
  A boggart (shapeshifter) (Depths:3)
  40 orc warriors
  3 boggarts (Lair:5)
  25 centaurs
  10 ogres
  18 wolves
  A snapping turtle skeleton (Crypt:1)
  2 lemures (D:8)
  A phantom (D:7)
  A fire crab zombie (Crypt:1)
  A kobold brigand (D:9)
  A salamander zombie (Snake:4)
  9 bullfrogs
  A cyclops zombie (Crypt:2)
  2 glowing shapeshifter simulacra
  A gnoll sergeant (Orc:2)
  An earth elemental (Elf:1)
  4 scorpions
  A water moccasin skeleton (Crypt:1)
  2 wights (D:9)
  2 naga zombies (Snake:3)
  A raiju zombie (Crypt:2)
  3 lindwurm simulacra (IceCv)
  4 spriggan zombies (Lair:5)
  26 killer bees
  A troll skeleton (Crypt:2)
  3 yak zombies
  A howler monkey (D:7)
  2 electric eels (D:9)
  A wolf zombie (Lair:5)
  6 jellies
  6 lava snakes (Snake:2)
  7 hounds
  2 gnoll boudas (D:6)
  24 orc priests
  A centaur skeleton (Crypt:3)
  7 hell rats (Lair:4)
  3 human skeletons (Crypt:1)
  4 iguanas
  16 orc wizards
  A polar bear simulacrum (Lair:4)
  A yak simulacrum (Lair:4)
  2 killer bee zombies
  2 wolf simulacra (Lair:4)
  A naga skeleton (Crypt:3)
  17 mummies
  A hell rat zombie (Lair:4)
  13 gnolls
  14 adders
  2 river rats (Sewer)
  A shadow imp (D:7)
  2 worms
  2 dart slugs
  70 orcs
  9 ball pythons
  7 bats
  11 endoplasms
  5 giant cockroaches
  6 goblins
  13 hobgoblins
  A jackal (Sewer)
  8 quokkas
  2 frilled lizards (Sewer)
  10 kobolds
  A kobold skeleton (Crypt:3)
  An orc zombie (Orc:1)
  5 rats
  A rat skeleton (Crypt:3)
  A river rat simulacrum (Lair:4)
  A tentacle (Shoals:3)
2125 creatures vanquished.

Vanquished Creatures (collateral kills)
  A dread lich (Zot:5)
  2 Killer Klowns
  An electric golem (Zot:5)
  5 Orb Guardians (Zot:5)
  A walking crystal tome (Depths:3)
  A titan (Depths:4)
  An ancient champion (Crypt:3)
  A quicksilver dragon (Zot:1)
  A sphinx (Vaults:1)
  5 tengu reavers
  A revenant (Crypt:2)
  Donald (Shoals:3)
  A nagaraja (Snake:4)
  A storm dragon (Zot:1)
  A fire giant (Depths:3)
  A shadow dragon (Zot:5)
  4 vault wardens
  An iron dragon (Depths:4)
  A draconian scorcher (Zot:5)
  A deep elf sorcerer (Vaults:1)
  A draconian shifter (Zot:5)
  A draconian knight (Zot:3)
  A ghost moth (Zot:1)
  A draconian annihilator (Zot:3)
  3 ironbound preservers
  A black draconian (Zot:5)
  6 stone giants
  3 very ugly things
  A vampire knight (Crypt:3)
  3 ironbound thunderhulks
  7 purple draconians (Zot:1)
  4 red draconians
  2 white draconians (Zot:4)
  A deep elf death mage (Crypt:1)
  3 merfolk javelineers
  A deep elf high priest (Elf:3)
  A yaktaur captain (Vaults:5)
  2 great orbs of eyes
  10 vault guards (Vaults:5)
  4 merfolk avatars
  A centaur warrior (Vaults:3)
  An alligator snapping turtle (Shoals:4)
  2 anacondas
  A satyr (Shoals:3)
  An ogre mage (Vaults:5)
  2 tengu warriors
  3 death yaks (Lair:4)
  A merfolk aquamancer (Shoals:4)
  A deep troll earth mage (Depths:1)
  2 naga sharpshooters (Snake:3)
  A shock serpent (Snake:4)
  A spriggan berserker (Depths:4)
  A hell knight (Vaults:4)
  2 skysharks
  3 sea snakes
  A flayed ghost (Crypt:3)
  An iron troll (Depths:1)
  A salamander mystic (Snake:2)
  A spriggan rider (Lair:5)
  A wizard (D:14)
  3 deep trolls
  A naga ritualist (Snake:3)
  3 necromancers
  2 ironbound convokers
  5 mana vipers
  An orc knight (Vaults:4)
  A deep elf pyromancer (Elf:3)
  5 harpies
  8 ugly things
  2 cyclopes
  3 manticores
  4 fauns
  3 salamanders
  3 moths of wrath
  An elephant (Lair:4)
  A vault sentinel (Vaults:5)
  2 merfolk sirens
  A naga mage (Snake:3)
  9 slime creatures
  A guardian serpent (Snake:4)
  3 water nymphs
  4 cane toads
  4 black mambas
  2 sea snake zombies (Shoals:3)
  4 merfolk
  2 polar bears (Lair:5)
  A meliai (Lair:4)
  3 dream sheep
  2 hornets
  A wind drake (Shoals:3)
  12 blink frogs
  6 spriggans
  A flying skull (Crypt:3)
  2 wyverns (Lair:4)
  5 water elementals
  2 basilisks
  6 humans
  13 yaks
  2 steam dragons (Lair:4)
  A human simulacrum (Vaults:3)
  3 human zombies (Depths:1)
  A water nymph zombie (Shoals:3)
  5 nagas
  6 water moccasins
  A human skeleton (Depths:1)
  An orc warrior (D:14)
  2 black bears (Lair:3)
  10 wolves
  A boggart (Lair:5)
  A centaur (D:14)
  A bullfrog (Lair:2)
  3 wights (D:9)
  12 killer bees (Lair:4)
  An orc priest (D:10)
  An orc wizard (Vaults:5)
  2 hell rats (Lair:4)
  3 polar bear simulacra (Lair:4)
  A yak simulacrum (Lair:4)
  An adder (Sewer)
  2 river rats (Sewer)
  A worm (Sewer)
  A dart slug (D:1)
  7 orcs
  2 endoplasms
  A giant cockroach (Sewer)
  A hobgoblin (D:4)
  4 ball pythons
  A kobold (D:1)
  2 river rat simulacra (Lair:4)
329 creatures vanquished.

Vanquished Creatures (others)
  A tentacled monstrosity (Zot:5)
  2 storm dragons
  A draconian knight (Zot:5)
  2 ghost moths (Zot:4)
  A draconian shifter (Zot:5)
  4 draconian stormcallers (Zot:5)
  A green draconian (Zot:5)
  A purple draconian (Zot:5)
  A white draconian (Zot:5)
  6 red draconians (Zot:5)
  A yellow draconian (Zot:5)
  2 very ugly thing zombies (Vaults:5)
  2 quicksilver dragon zombies
  6 Orb Guardian zombies (Zot:5)
  An ice dragon (Depths:3)
  6 tengu zombies
  3 storm dragon zombies
  2 golden dragon zombies
  An anaconda zombie (Snake:2)
  4 ogre zombies
  A ghost moth zombie (Zot:1)
  5 shadow dragon zombies
  4 sphinx zombies
  5 ugly thing zombies
  6 fire giant zombies
  3 stone giant zombies
  A harpy (Shoals:3)
  7 draconian zombies
  A shock serpent zombie (Snake:3)
  3 dire elephant zombies (Vaults:3)
  3 purple draconian zombies
  3 green draconian zombies
  An alligator snapping turtle zombie (Shoals:4)
  3 death yak zombies (Lair:4)
  A mana viper zombie (Snake:3)
  3 red draconian zombies
  2 iron troll zombies (Depths:1)
  A black draconian zombie (Zot:4)
  4 sea snake zombies
  A white draconian zombie (Zot:1)
  2 yellow draconian zombies
  A redback zombie (Vaults:3)
  14 harpy zombies
  An ice dragon zombie (Depths:4)
  A meliai zombie (Lair:4)
  6 moth of wrath zombies
  A great orb of eyes zombie (Vaults:4)
  3 ettin zombies (Vaults:5)
  A satyr zombie (Shoals:3)
  2 fire dragon zombies
  A wind drake zombie (Shoals:3)
  2 black mamba zombies
  10 slime creature zombies
  2 humans (Shoals:1)
  12 merfolk zombies
  3 faun zombies (Shoals:3)
  5 deep troll zombies
  3 water nymph zombies
  A cane toad zombie (Lair:4)
  A lindwurm zombie (Lair:4)
  3 dream sheep zombies (Shoals:4)
  6 blink frog zombies
  2 hornet zombies
  A manticore zombie (Shoals:1)
  13 elf zombies
  A rime drake zombie (Lair:4)
  6 salamander zombies
  5 yaktaur zombies
  2 komodo dragon zombies
  5 wyvern zombies
  4 water moccasin zombies
  A cyclops zombie (Shoals:4)
  A warg zombie (Vaults:5)
  6 spriggan zombies
  A polar bear zombie (Lair:5)
  4 yak zombies
  A killer bee (Lair:4)
  7 wolf zombies
  5 centaur zombies
  2 bullfrog zombies
  44 human zombies
  16 killer bee zombies (Lair:4)
  13 naga zombies
  A hell rat zombie (Lair:4)
  A gnoll (Orc:2)
  A steam dragon zombie (Lair:4)
  2 adder zombies (Sewer)
  A jelly zombie (Lair:5)
  4 orcs (Orc:2)
  10 orc zombies
  40 fungi
  219 plants
  10 tentacles (Shoals:3)
616 creatures vanquished.

Grand Total: 3070 creatures vanquished

Notes
Turn   | Place    | Note
-------+----------+-------------------------------------------
     0 | D:1      | dolemite99 the Djinni Necromancer began the quest for the
                  | Orb.
     0 | D:1      | dolemite99 set off with the following spells memorised:
                  | Necrotise, Vampiric Draining, Animate Dead, Agony.
     0 | D:1      | Reached XP level 1. HP: 15/15 MP: 0/0
   115 | D:1      | Reached XP level 2. HP: 20/21 MP: 0/0
   280 | D:1      | Reached XP level 3. HP: 23/25 MP: 0/0
   280 | D:1      | Learned a level 1 spell: Freeze
   691 | D:1      | Found a faded altar of an unknown god.
  1246 | D:2      | Reached XP level 4. HP: 29/31 MP: 0/0
  1823 | D:2      | Reached XP level 5. HP: 32/35 MP: 0/0
  1823 | D:2      | Learned a level 2 spell: Passwall
  2038 | D:3      | Found a basalt altar of Yredelemnul.
  2331 | D:3      | Found a hazy altar of Hepliaklqana.
  2332 | D:3      | Found a shimmering altar of Xom.
  2333 | D:3      | Noticed a spectral ugly thing
  2549 | D:3      | Found an opulent altar of Gozag.
  2562 | D:3      | Reached skill level 1 in Fighting
  3543 | D:4      | Reached skill level 5 in Spellcasting
  3598 | D:4      | Reached XP level 6. HP: 37/43 MP: 0/0
  3662 | D:4      | Found a sparkling altar of Nemelex Xobeh.
  4364 | D:5      | Entered Level 5 of the Dungeon
  4370 | D:5      | Reached skill level 2 in Fighting
  4872 | D:5      | Found a glowing drain.
  4886 | Sewer    | Entered a sewer
  4900 | Sewer    | Reached skill level 3 in Fighting
  5193 | Sewer    | Reached XP level 7. HP: 42/50 MP: 0/0
  5193 | Sewer    | Learned a level 3 spell: Ignite Poison
  5601 | D:5      | Noticed a yak
  5601 | D:5      | Noticed a yak
  5601 | D:5      | Noticed a yak
  5601 | D:5      | Noticed a yak
  5601 | D:5      | Noticed a yak
  5609 | D:5      | Noticed a yak
  5986 | D:5      | Killed a yak
  5987 | D:5      | Reached skill level 4 in Fighting
  6580 | D:5      | Reached XP level 8. HP: 57/58 MP: 0/0
  7060 | D:6      | Reached skill level 5 in Fighting
  7294 | D:6      | Noticed Menkaure
  7414 | D:7      | Found a staircase to the Ecumenical Temple.
  7423 | Temple   | Entered the Ecumenical Temple
  7544 | Temple   | Became a worshipper of Ashenzari the Shackled
  7584 | D:7      | Identified an amulet of the Weak Banana {RegenMP Harm rC+}
  8081 | D:7      | Reached skill level 6 in Fighting
  8480 | D:7      | Found a runed translucent gate.
  8480 | D:7      | Found a runed translucent gate.
  8480 | D:7      | Found a runed translucent gate.
  8485 | D:7      | Noticed nocore's ghost (novice NaEn)
  8485 | D:7      | Noticed Likado's ghost (novice MfRe)
  8486 | D:7      | Noticed Rudyous's ghost (novice MiFi)
  8486 | D:7      | Noticed petzl's ghost (novice FoDe)
  8487 | D:7      | Noticed mandoloar's ghost (novice GnIE)
  8624 | D:8      | Reached XP level 9. HP: 58/67 MP: 0/0
  8624 | D:8      | Learned a level 4 spell: Ice Form
  9151 | D:8      | Reached skill level 7 in Fighting
  9879 | D:8      | Identified the +0 chain mail "Ynline Vopra" {*Slow rPois
                  | rC++ Str+3}
  9893 | D:8      | Noticed Pikel
  9918 | D:8      | Killed Pikel
 10233 | D:8      | Noticed Maggie
 10245 | D:8      | Killed Maggie
 10246 | D:8      | Reached skill level 8 in Fighting
 10740 | D:8      | Reached XP level 10. HP: 75/77 MP: 0/0
 10787 | D:8      | Identified the cursed +1 helmet of the Lashed Sun {Cun,
                  | Fort} (You found it on level 1 of the Dungeon)
 11209 | D:8      | Reached * piety under Ashenzari
 11840 | D:9      | Reached skill level 5 in Dodging
 12760 | D:9      | Found a staircase to the Lair.
 12830 | D:9      | Reached ** piety under Ashenzari
 13540 | D:9      | Reached XP level 11. HP: 85/85 MP: 0/0
 13540 | D:9      | Learned a level 4 spell: Sticky Flame
 13786 | D:9      | Reached *** piety under Ashenzari
 13994 | Lair:1   | Entered Level 1 of the Lair of Beasts
 13995 | Lair:1   | Found a dark tunnel.
 14020 | Lair:1   | Reached skill level 10 in Dodging
 14826 | Lair:1   | Reached XP level 12. HP: 91/92 MP: 0/0
 14839 | Lair:1   | Reached skill level 9 in Fighting
 14985 | Lair:1   | Found a transporter.
 15080 | Lair:1   | Noticed a spriggan rider
 15081 | Lair:1   | Noticed a spriggan rider
 15088 | Lair:1   | Found a transporter.
 15094 | Lair:1   | Found a bloodstained altar of Trog.
 15094 | Lair:1   | Noticed Dittersdorf's ghost (journeyman GrFi)
 15500 | Lair:1   | Reached skill level 1 in Shields
 15935 | Lair:2   | Reached skill level 5 in Shields
 16357 | Lair:2   | Noticed Amaemon
 16384 | Lair:2   | Killed Amaemon
 16446 | Lair:2   | Found a staircase to the Shoals.
 16750 | Lair:2   | Reached skill level 10 in Fighting
 16916 | Lair:2   | Found a staircase to the Snake Pit.
 17811 | Lair:3   | Reached skill level 5 in Long Blades
 17871 | Lair:3   | Reached XP level 13. HP: 99/100 MP: 0/0
 17871 | Lair:3   | Learned a level 5 spell: Freezing Cloud
 18180 | Lair:3   | Noticed a catoblepas
 18195 | Lair:3   | Killed a catoblepas
 18430 | Lair:3   | Reached skill level 5 in Evocations
 19306 | Lair:4   | Noticed an eight-headed hydra
 19311 | Lair:4   | Killed an eight-headed hydra
 19669 | Lair:4   | Reached skill level 10 in Long Blades
 20204 | Lair:4   | Reached XP level 14. HP: 86/106 MP: 0/0
 21111 | Lair:4   | Found an ornate altar of the Wu Jian Council.
 21412 | Lair:4   | Reached **** piety under Ashenzari
 22383 | Lair:5   | Entered Level 5 of the Lair of Beasts
 22492 | Lair:5   | Found a staircase to the Slime Pits.
 22925 | Lair:5   | Reached skill level 15 in Long Blades
 23096 | Lair:5   | Found a viscous altar of Jiyva.
 23328 | Lair:5   | Reached XP level 15. HP: 108/112 MP: 0/0
 23328 | Lair:5   | Learned a level 6 spell: Iron Shot
 23840 | Lair:5   | Identified the +2 pair of gloves of the Dwarven Hall {rElec
                  | rN+}
 24172 | Lair:5   | Noticed Snorg
 24183 | Lair:5   | Killed Snorg
 25157 | D:10     | Entered Level 10 of the Dungeon
 25467 | D:10     | Identified the +4 flail "Demonbane" {vamp, Int+5 Stlth+}
 25577 | D:10     | Found a staircase to the Orcish Mines.
 25976 | D:10     | Found a transporter.
 25976 | D:10     | Found a transporter.
 27621 | D:11     | Found Daaburgh's General Store.
 27628 | D:11     | Bought a scroll of silence for 133 gold pieces
 27628 | D:11     | Bought 2 potions of cancellation for 224 gold pieces
 27628 | D:11     | Bought 2 scrolls of teleportation for 84 gold pieces
 27628 | D:11     | Bought a scroll of blinking for 105 gold pieces
 29286 | D:6      | Killed Menkaure
 29586 | D:6      | Noticed Sigmund
 29587 | D:6      | Found a transporter.
 29591 | D:6      | Killed Sigmund
 29676 | D:6      | Found an ornate altar of the Wu Jian Council.
 29790 | D:6      | Found a transporter.
 30082 | Orc:1    | Entered Level 1 of the Orcish Mines
 30298 | Orc:1    | Noticed an orc warlord
 30308 | Orc:1    | Killed an orc warlord
 30666 | D:13     | Reached skill level 10 in Spellcasting
 30688 | D:13     | Noticed Urug
 30694 | D:13     | Killed Urug
 30909 | D:13     | Reached skill level 11 in Fighting
 32488 | D:14     | Found a gate to the Vaults.
 32550 | D:14     | Reached XP level 16. HP: 119/126 MP: 0/0
 32879 | D:14     | Found Qucvan's General Store.
 32902 | D:14     | Noticed Nessos
 32916 | D:14     | Killed Nessos
 32926 | D:14     | Found a shadowy altar of Dithmenos.
 32944 | D:14     | Your ally Nessos died
 32950 | D:14     | Identified the +10 plate armour "Ucluco" {Dex+3}
 33846 | D:14     | Bought a scroll of blinking for 135 gold pieces
 33846 | D:14     | Bought 4 poisoned darts for 43 gold pieces
 34252 | Orc:1    | Reached skill level 1 in Throwing
 34870 | Orc:2    | Entered Level 2 of the Orcish Mines
 35480 | Orc:1    | Reached ***** piety under Ashenzari
 36999 | Orc:2    | Reached skill level 5 in Throwing
 37155 | Orc:2    | Found a transporter.
 37158 | Orc:2    | Noticed GiantSquids's ghost (journeyman HOBe)
 37158 | Orc:2    | Identified the +0 hat of Recklessness {Str+2 Int+4}
 37173 | Orc:2    | Found a transporter.
 37673 | Orc:2    | Found Roiff's Weapon Emporium.
 37673 | Orc:2    | Found Ahaen's Distillery.
 37673 | Orc:2    | Found Wena's Assorted Antiques.
 37697 | Orc:2    | Found Wigiusir's Magic Scroll Shoppe.
 37708 | Orc:2    | Bought a tin of tremorstones (2/2) for 1200 gold pieces
 37714 | Orc:2    | Bought a scroll of teleportation for 90 gold pieces
 37719 | Orc:2    | Bought 2 scrolls of fear for 96 gold pieces
 37719 | Orc:2    | Bought a scroll of fog for 48 gold pieces
 37878 | Orc:2    | Bought a potion of heal wounds for 55 gold pieces
 37878 | Orc:2    | Bought a potion of haste for 110 gold pieces
 37953 | Orc:2    | Found a staircase to the Elven Halls.
 38088 | Orc:2    | Reached skill level 12 in Fighting
 38551 | D:7      | Killed petzl's ghost
 38557 | D:7      | Killed Likado's ghost
 38589 | D:7      | Killed Rudyous's ghost
 38606 | D:7      | Killed nocore's ghost
 38608 | D:7      | Killed mandoloar's ghost
 38803 | D:15     | Entered Level 15 of the Dungeon
 39295 | D:15     | Found a staircase to the Depths.
 40042 | Snake:1  | Entered Level 1 of the Snake Pit
 40469 | Snake:1  | Reached XP level 17. HP: 103/133 MP: 0/0
 40469 | Snake:1  | Learned a level 7 spell: Dragon Form
 41014 | Snake:1  | Reached skill level 10 in Shields
 41356 | Lair:2   | Identified the cursed +0 cloak of the Chained Activism
                  | {Fort, Cun} (You found it on level 1 of the Lair of Beasts)
 41356 | Lair:2   | Identified the cursed +2 robe "Manifest Soothsayer" {rC+
                  | rF+, Cun, Fort} (You took it off Pikel on level 8 of the
                  | Dungeon)
 41670 | Orc:2    | Identified the cursed +0 kite shield of the Shackled Gnosis
                  | {Fort, Cun} (You took it off a gnoll sergeant on level 2 of
                  | the Orcish Mines)
 41817 | Orc:2    | Killed GiantSquids's ghost
 41818 | Orc:2    | Reached skill level 1 in Unarmed Combat
 42522 | Snake:2  | Reached skill level 5 in Unarmed Combat
 42776 | Snake:2  | Found Zyonaul's Jewellery Boutique.
 42991 | Snake:2  | Identified the +9 war axe of Xom, Bashing {venom, rElec
                  | Str+2 SInv}
 44132 | Snake:3  | Reached XP level 18. HP: 77/138 MP: 0/0
 44576 | Snake:3  | Reached skill level 10 in Unarmed Combat
 44911 | Snake:3  | Identified the ring of Fysih {MP+9 Dex+3}
 45602 | Snake:4  | Entered Level 4 of the Snake Pit
 46563 | Snake:4  | Reached skill level 10 in Evocations
 46583 | Snake:4  | Noticed a quicksilver dragon
 46585 | Snake:4  | Noticed a quicksilver dragon
 46587 | Snake:4  | Killed a quicksilver dragon
 46590 | Snake:4  | Killed a quicksilver dragon
 46732 | Snake:4  | Got a serpentine rune of Zot
 47728 | Orc:2    | Bought a scroll of enchant armour for 90 gold pieces
 47728 | Orc:2    | Bought a scroll of enchant armour for 90 gold pieces
 47731 | Orc:2    | Bought 2 scrolls of magic mapping for 180 gold pieces
 47906 | Shoals:1 | Entered Level 1 of the Shoals
 48824 | Shoals:1 | Noticed Kirke
 48829 | Shoals:1 | Killed Kirke
 49394 | Shoals:2 | Reached XP level 19. HP: 110/147 MP: 0/0
 49394 | Shoals:2 | Learned a level 7 spell: Ozocubu's Refrigeration
 50481 | Shoals:3 | Noticed Donald
 50494 | Shoals:3 | Killed Donald
 50739 | Shoals:3 | Your ally Donald died
 51599 | Shoals:3 | Noticed Bai Suzhen
 51611 | Shoals:3 | Killed Bai Suzhen
 52271 | Shoals:4 | Entered Level 4 of the Shoals
 52752 | Shoals:4 | Found a frozen archway.
 52769 | IceCv    | Entered an ice cave
 54195 | IceCv    | Identified the ring of Xeuq {rF+ rC- Will+++ Str+4}
 54199 | IceCv    | Noticed a golden dragon
 54199 | IceCv    | Identified the ring "Raxtysm" {Fly Str+5 Dex+2 Stlth+}
 54199 | IceCv    | Identified the ring "Xeucs" {Drain rN+ Int+3 SInv}
 54205 | IceCv    | Killed a golden dragon
 55372 | Shoals:4 | Identified the +1 leather armour "Heyth" {Int+3}
 55403 | Shoals:4 | Reached XP level 20. HP: 108/155 MP: 0/0
 55463 | Shoals:4 | Reached skill level 13 in Fighting
 55736 | Shoals:4 | Got a barnacled rune of Zot
 56567 | Lair:1   | Killed Dittersdorf's ghost
 56868 | Vaults:1 | Entered Level 1 of the Vaults
 57496 | Snake:2  | Bought the ring "Dixze" {rC+ rN+ EV+5 Dex+4} for 1001 gold
                  | pieces
 57876 | Vaults:1 | Reached skill level 15 in Dodging
 58366 | Vaults:1 | Found Nanets's Book Shop.
 59811 | Vaults:2 | Found a staircase to the Crypt.
 59840 | Vaults:2 | Reached skill level 14 in Fighting
 60906 | Vaults:2 | Identified the +1 cloak of Duqext {rPois Will+ Regen+
                  | Int+3}
 61067 | Vaults:2 | Noticed a juggernaut
 61068 | Vaults:2 | a juggernaut changed into a rockslime
 61244 | Vaults:3 | Reached XP level 21. HP: 157/160 MP: 0/0
 61244 | Vaults:3 | Learned a level 8 spell: Maxwell's Capacitive Coupling
 61348 | Vaults:3 | Noticed Sojobo
 61362 | Vaults:3 | Killed Sojobo
 61573 | Vaults:3 | Your ally Sojobo died
 62338 | Vaults:3 | Reached skill level 15 in Fighting
 62921 | Vaults:3 | Found a transporter.
 62933 | Vaults:3 | Identified the +10 hand axe of the Snake Pit {freeze, Str+3
                  | Int+2}
 62933 | Vaults:3 | Identified the +1 trident of Ragnarok {freeze, rC- Int+4}
 62933 | Vaults:3 | Identified the ring of Hepliaklqana's Wrath {rF+ rN+ Int+2
                  | Dex+6}
 62937 | Vaults:3 | Found a transporter.
 63910 | Elf:1    | Entered Level 1 of the Elven Halls
 63910 | Elf:1    | Identified the +10 morningstar of Karma {drain, rElec rCorr
                  | Dex+4}
 63910 | Elf:1    | Found a runed translucent gate.
 63910 | Elf:1    | Found a runed translucent gate.
 63910 | Elf:1    | Found a runed translucent gate.
 63910 | Elf:1    | Found a runed translucent gate.
 63910 | Elf:1    | Found a runed translucent gate.
 63910 | Elf:1    | Found a runed translucent gate.
 63912 | Elf:1    | Found a runed translucent door.
 64193 | Elf:1    | Found a runed translucent door.
 64350 | Elf:1    | Found Soew's Weapon Shop.
 64477 | Elf:1    | Identified Roxanne's Omnibus of Tephra
 64477 | Elf:1    | Noticed Roxanne
 64573 | Elf:1    | Killed Roxanne
 65264 | Elf:2    | Noticed Agnes
 65279 | Elf:1    | Killed Agnes
 65648 | Elf:3    | Entered Level 3 of the Elven Halls
 65654 | Elf:3    | Reached skill level 16 in Fighting
 65907 | Elf:3    | Reached XP level 22. HP: 166/170 MP: 0/0
 66545 | Elf:3    | Identified the +6 hand axe of Infinite Pain {flame, Fly
                  | rF+}
 66677 | Elf:3    | Identified the ring "Tong" {rPois rF+ Str+6 Slay+3}
 67419 | Elf:3    | Reached skill level 15 in Shields
 67422 | Elf:3    | Identified the amulet "Okycofeke" {Acrobat Rampage Will+
                  | MP+9}
 67655 | Elf:3    | Identified the +5 dire flail of Grace {flame, Dex+2 SInv}
 67693 | Elf:3    | Identified the +5 rapier "Tuumet" {flame, rC- Will- Str+9
                  | Dex+3}
 67970 | Elf:3    | Identified the Codex of the Lofty Mausoleum
 68330 | Elf:2    | Identified the +1 glaive "Wiycaut" {venom, rPois MP+9}
 68386 | Elf:2    | Noticed Foashama's ghost (adept DsWr)
 68389 | Elf:2    | Found a runed translucent door.
 68449 | Elf:2    | Found a runed translucent gate.
 68450 | Elf:2    | Found a runed translucent gate.
 68450 | Elf:2    | Found a runed translucent gate.
 69086 | Orc:2    | Bought a scroll of vulnerability for 48 gold pieces
 69094 | Orc:2    | Bought a scroll of silence for 114 gold pieces
 69385 | Depths:1 | Entered Level 1 of the Depths
 69620 | Depths:1 | Identified the cursed +4 kite shield of the Eternal Seer
                  | {reflect, Evo, Cun} (You took it off a naga warrior on
                  | level 4 of the Snake Pit)
 69777 | Depths:1 | Reached XP level 23. HP: 117/178 MP: 0/0
 69777 | Depths:1 | Learned a level 7 spell: Orb of Destruction
 70068 | Depths:1 | Found a one-way gate to the infinite horrors of the Abyss.
 70392 | Depths:1 | Reached skill level 15 in Spellcasting
 70781 | Depths:1 | Found a gateway to Hell.
 71037 | Depths:2 | Noticed a caustic shrike
 71074 | Depths:2 | Killed a caustic shrike
 71345 | Depths:2 | Reached skill level 17 in Fighting
 72256 | Depths:2 | Found a one-way gate leading to the halls of Pandemonium.
 73268 | Depths:2 | Reached skill level 18 in Fighting
 73468 | Depths:2 | Noticed a caustic shrike
 73475 | Depths:2 | Killed a caustic shrike
 74003 | Depths:3 | Noticed a caustic shrike
 74003 | Depths:3 | Noticed a caustic shrike
 74003 | Depths:3 | Noticed a caustic shrike
 74221 | Depths:3 | Identified the ring of Utsotul {rElec rN+ Str+3 Stlth+}
 74305 | Depths:3 | Identified the ring "Onobu" {rPois Int+3}
 74384 | Depths:3 | Identified a scroll of acquirement
 74496 | Depths:3 | Reached skill level 19 in Fighting
 74812 | Depths:3 | Killed a caustic shrike
 74816 | Depths:3 | Killed a caustic shrike
 74820 | Depths:3 | Killed a caustic shrike
 74963 | Depths:3 | Reached XP level 24. HP: 182/197 MP: 0/0
 75011 | Depths:3 | Identified the +0 pair of boots "Falic" {rF+ rN+ MP+9}
 75637 | Depths:4 | Entered Level 4 of the Depths
 75645 | Depths:4 | Identified the ring "Volumeon" {Ice MP+9 Str+5 Stlth+}
 75645 | Depths:4 | Noticed Josephina
 75655 | Depths:4 | Killed Josephina
 75946 | Depths:4 | Reached skill level 20 in Fighting
 76118 | Depths:4 | Found a one-way gateway to a ziggurat.
 76794 | Depths:4 | Found a gate to the Realm of Zot.
 76798 | Depths:4 | Noticed a golden dragon
 76803 | Depths:4 | Noticed a golden dragon
 76805 | Depths:4 | Killed a golden dragon
 76810 | Depths:4 | Killed a golden dragon
 76811 | Depths:4 | Reached skill level 21 in Fighting
 77706 | Depths:4 | Noticed a caustic shrike
 77716 | Depths:4 | Killed a caustic shrike
 77862 | Depths:4 | Noticed a juggernaut
 77867 | Depths:4 | Killed a juggernaut
 77950 | Depths:2 | Acquired the +3 demon blade of a sewer {venom, Str+4 Dex+5}
 78104 | D:14     | Bought a potion of mutation for 144 gold pieces
 78480 | Orc:2    | Bought 2 potions of mutation for 176 gold pieces
 78568 | Elf:2    | Killed Foashama's ghost
 78988 | Crypt:1  | Entered Level 1 of the Crypt
 79339 | Crypt:1  | Acquired a manual of Evocations
 79801 | Crypt:1  | Reached skill level 15 in Evocations
 79967 | Crypt:1  | Reached XP level 25. HP: 211/211 MP: 0/0
 79967 | Crypt:1  | Learned a level 9 spell: Polar Vortex
 81440 | Crypt:2  | Noticed Grunn
 81442 | Crypt:2  | Noticed Vv
 81446 | Crypt:2  | Killed Grunn
 81456 | Crypt:2  | Killed Vv
 81778 | Crypt:2  | Reached skill level 1 in Armour
 81843 | Crypt:2  | Noticed Saint Roka
 81869 | Crypt:2  | Killed Saint Roka
 82326 | Crypt:2  | Noticed Frederick
 82332 | Crypt:2  | Killed Frederick
 82333 | Crypt:2  | Reached skill level 5 in Armour
 82573 | Crypt:2  | Noticed Khufu
 82574 | Crypt:2  | Noticed a royal mummy
 82574 | Crypt:2  | Noticed a royal mummy
 82601 | Crypt:3  | Entered Level 3 of the Crypt
 82601 | Crypt:3  | Identified the +6 chain mail of Peef {-Tele rN+ Regen+}
 83052 | Crypt:2  | Killed Khufu
 83076 | Crypt:2  | Killed a royal mummy
 84105 | Crypt:3  | Identified the +1 shortbow of Disarray {freeze, rF+ rC-
                  | Int+2 Dex+2}
 84105 | Crypt:3  | Identified the +1 scale mail "Zuaffidi" {rF- Will+++ Regen+
                  | Str+2}
 84105 | Crypt:3  | Identified the Quarto of the Grave
 84105 | Crypt:3  | Identified Bunwy's Precepts of Violence
 84105 | Crypt:3  | Identified the ring of Egrairr {rN+ Slay+2}
 84105 | Crypt:3  | Identified the +14 crystal plate armour of Gravity {Str+4
                  | Int-4 Slay+5}
 84107 | Crypt:3  | Identified the ring of Mysticism {rC+ Stlth+}
 84160 | Crypt:3  | Identified the ring of the Thistle {rF+ rN+ rCorr Int-3}
 84872 | Crypt:3  | Reached XP level 26. HP: 216/218 MP: 0/0
 84964 | Crypt:3  | Noticed an ancient lich
 84969 | Crypt:3  | Killed an ancient lich
 84975 | Crypt:3  | Reached skill level 10 in Armour
 85162 | Crypt:3  | Found a staircase to the Tomb.
 86345 | Vaults:4 | Identified the +7 flail "Reocsoawk" {freeze, Dex+2}
 86840 | Vaults:4 | Identified the +5 sling of Crystal {freeze, rN+ Will- Int+3
                  | Stlth+}
 86965 | Vaults:4 | Identified the cursed +2 acid dragon scales of Ashenzari's
                  | Soothsayer {rCorr, Melee, Self} (You found it on level 9 of
                  | the Dungeon)
 87001 | Vaults:4 | Identified the ring of Sateh {Fly Will+}
 87785 | Vaults:5 | Entered Level 5 of the Vaults
 88206 | Vaults:5 | Identified the +5 war axe of Woe {freeze, rF++ Int+3}
 88413 | Vaults:5 | Reached skill level 15 in Armour
 88464 | Vaults:5 | Identified the +4 sling "Bikiumoa" {drain, Fly Int+3 Dex+5}
 88641 | Vaults:5 | Noticed a dread lich
 88696 | Vaults:5 | Killed a dread lich
 88749 | Vaults:5 | Reached XP level 27. HP: 184/224 MP: 0/0
 88749 | Vaults:5 | Learned a level 9 spell: Dragon's Call
 89325 | Vaults:5 | Got a silver rune of Zot
 89771 | Vaults:5 | Identified the +7 flail of Ignis's Respect {heavy, rC+
                  | Will++ Dex-3}
 89795 | Vaults:5 | Noticed Xtahua
 89803 | Vaults:5 | Killed Xtahua
 90125 | Vaults:5 | Identified the ring "Esunelou" {rF+ rN+}
 90707 | Zot:1    | Entered Level 1 of the Realm of Zot
 91573 | Zot:1    | Noticed a Killer Klown
 91583 | Zot:1    | Killed a Killer Klown
 91781 | Zot:1    | Noticed a Killer Klown
 91791 | Zot:1    | Killed a Killer Klown
 93421 | Zot:2    | Identified the +9 quarterstaff of Paper {freeze, rElec
                  | rCorr Dex+2 Stlth-}
 93550 | Zot:2    | Identified the Teachings on Vile Charms
 93576 | Zot:2    | Reached skill level 22 in Fighting
 93628 | Zot:2    | Noticed a Killer Klown
 93642 | Zot:2    | Killed a Killer Klown
 94510 | Zot:3    | Noticed a Killer Klown
 94531 | Zot:3    | Killed a Killer Klown
 94540 | Zot:3    | Noticed an orb of fire
 94549 | Zot:3    | Killed an orb of fire
 94619 | Zot:3    | Reached skill level 23 in Fighting
 94802 | Zot:3    | Noticed an orb of fire
 95070 | Zot:3    | Gained mutation: You are dopey. (Int -2) [an orb of fire]
 95070 | Zot:3    | Gained mutation: You occasionally lose the ability to drink
                  | potions when taking damage. [an orb of fire]
 95079 | Zot:3    | Killed an orb of fire
 95221 | Zot:2    | Lost mutation: You are dopey. (Int -2) [potion of mutation]
 95221 | Zot:2    | Lost mutation: You occasionally lose the ability to drink
                  | potions when taking damage. [potion of mutation]
 95221 | Zot:2    | Gained mutation: You have a pair of small antennae on your
                  | head. [potion of mutation]
 95221 | Zot:2    | Gained mutation: You are clumsy. (Dex -2) [potion of
                  | mutation]
 95221 | Zot:2    | Gained mutation: Your spells are a little harder to cast,
                  | but a little more powerful. [potion of mutation]
 95587 | Zot:4    | Gained mutation: You occasionally lose the ability to read
                  | scrolls when taking damage. [mutagenic glow]
 95603 | Zot:4    | Gained mutation: You are dopey. (Int -2) [mutagenic glow]
 95620 | Zot:3    | Gained mutation: You sometimes lose your temper in combat.
                  | [mutagenic glow]
 95842 | Zot:3    | Lost mutation: You occasionally lose the ability to read
                  | scrolls when taking damage. [potion of mutation]
 95842 | Zot:3    | Lost mutation: You are dopey. (Int -2) [potion of mutation]
 95842 | Zot:3    | Gained mutation: You are partially covered in iridescent
                  | scales. (AC +2) [potion of mutation]
 95842 | Zot:3    | Gained mutation: You have an uncontrollable temper. [potion
                  | of mutation]
 95842 | Zot:3    | Gained mutation: You are strong-willed. (Will+) [potion of
                  | mutation]
 95843 | Zot:3    | Lost mutation: You have an uncontrollable temper. [potion
                  | of mutation]
 95843 | Zot:3    | Lost mutation: You are clumsy. (Dex -2) [potion of
                  | mutation]
 95843 | Zot:3    | Lost mutation: You are strong-willed. (Will+) [potion of
                  | mutation]
 95843 | Zot:3    | Gained mutation: You are dopey. (Int -2) [potion of
                  | mutation]
 95844 | Zot:3    | Lost mutation: You are dopey. (Int -2) [potion of mutation]
 95844 | Zot:3    | Lost mutation: You are partially covered in iridescent
                  | scales. (AC +2) [potion of mutation]
 95844 | Zot:3    | Gained mutation: You are covered in fur. (AC +1) [potion of
                  | mutation]
 95845 | Zot:3    | Lost mutation: You have a pair of small antennae on your
                  | head. [potion of mutation]
 95845 | Zot:3    | Lost mutation: You are covered in fur. (AC +1) [potion of
                  | mutation]
 95845 | Zot:3    | Lost mutation: You sometimes lose your temper in combat.
                  | [potion of mutation]
 95845 | Zot:3    | Gained mutation: You are partially covered in iridescent
                  | scales. (AC +2) [potion of mutation]
 95845 | Zot:3    | Gained mutation: Armour fits poorly on your strangely
                  | shaped body. [potion of mutation]
 95845 | Zot:3    | Gained mutation: You are robust. (+10% HP) [potion of
                  | mutation]
 95845 | Zot:3    | Gained mutation: You are mostly covered in iridescent
                  | scales. (AC +4) [potion of mutation]
 96177 | Zot:4    | Found a runed translucent door.
 96299 | Zot:4    | Reached skill level 24 in Fighting
 97172 | Zot:4    | Noticed a Killer Klown
 97177 | Zot:4    | Identified the +9 whip of Ashenzari's Favour {flame, rCorr}
 97190 | Zot:4    | Killed a Killer Klown
 97463 | Zot:4    | Noticed Ytolar's ghost (legendary DsFi)
 97479 | Zot:5    | Entered Level 5 of the Realm of Zot
 97481 | Zot:5    | Noticed an orb of fire
 97482 | Zot:5    | Gained mutation: You are clumsy. (Dex -2) [an orb of fire]
 97487 | Zot:5    | Killed an orb of fire
 97607 | Zot:5    | Identified the +6 arbalest of Deflation {penet, *Slow
                  | rN+++}
 97788 | Zot:5    | Noticed an orb of fire
 98153 | Zot:5    | Noticed a Killer Klown
 98160 | Zot:5    | Killed a Killer Klown
 98548 | Zot:5    | Noticed an ancient lich
 98647 | Zot:5    | Noticed a Killer Klown
 98655 | Zot:5    | Killed a Killer Klown
 98896 | Zot:5    | Noticed an orb of fire
 98903 | Zot:5    | Killed an orb of fire
 99010 | Zot:5    | Noticed an orb of fire
 99016 | Zot:5    | Killed an orb of fire
 99023 | Zot:5    | Killed an ancient lich
 99024 | Zot:5    | Noticed a Killer Klown
 99026 | Zot:5    | Noticed a Killer Klown
 99184 | Zot:5    | Killed a Killer Klown
 99189 | Zot:5    | Killed a Killer Klown
 99195 | Zot:5    | Noticed a dread lich
 99198 | Zot:5    | Noticed a Killer Klown
 99202 | Zot:5    | Killed a dread lich
 99204 | Zot:5    | Killed a Killer Klown
 99358 | Zot:5    | Noticed a dread lich
 99363 | Zot:5    | Killed a dread lich
 99584 | Zot:5    | Noticed a Killer Klown
 99602 | Zot:5    | Noticed a Killer Klown
 99607 | Zot:5    | Killed a Killer Klown
100112 | Zot:5    | Killed a Killer Klown
100816 | Zot:5    | Noticed a dread lich
101016 | Zot:5    | Killed a dread lich
102049 | Zot:5    | Got the Orb of Zot
102521 | D:7      | Noticed Enoon the pandemonium lord
102530 | D:7      | Killed Enoon the pandemonium lord
102720 | D:2      | Noticed a seraph
102728 | D:2      | Killed a seraph
102792 | D:$      | Escaped with the Orb!

Illustrated notes

Levels and vault maps discovered:
D:1:      dpeg_arrival_short_road, layout_rooms,
          chequers_ecumenical_altar_grove, grunt_decor_mini_mirrors
D:2:      layout_loops_corners
D:3:      layout_basic, regret_index_temple_of_mockery,
          mainiacjoe_overflow_paths, mainiacjoe_overflow_cross_hatched,
          minmay_misc_feat_room
D:4:      layout_basic, nemelex_xobeh_ov_fountains_minmay
D:5:      layout_basic, portal_sewer_entry_d
D:6:      gammafunk_cloud_chamber, layout_gridville,
          mainiacjoe_overflow_alcove_4, st_stairs_9, kennysheep_generic_room_15,
          uniq_sigmund, uniq_menkaure
D:7:      layout_basic, minmay_temple_entry_junction, enter_bailey_6,
          gammafunk_ghost_cemetery
D:8:      minmay_goldmine, layout_gridville, uniq_pikel, uniq_maggie
D:9:      layout_irregular_city, erik_lair_island
D:10:     gammafunk_boulding_lane, layout_loops_ring, erik_orc_3,
          minmay_door_square, minmay_ruffians
D:11:     layout_loops_corners, serial_shops, nicolae_shop_trees
D:12:     layout_irregular_city
D:13:     layout_gridville, uniq_urug
D:14:     layout_rooms, grunt_vaults_entry_tiered, serial_shops,
          nicolae_inconvenience_store, nicolae_dithmenos_shadow_blocks,
          uniq_nessos
D:15:     grunt_enter_depths_snipers, layout_loops_ring
Temple:   eino_temple_scatter_basement
Lair:1:   kb_forest_paths, layout_layer_cave, gammafunk_ghost_wrathful_warriors,
          nicolae_volcano_entry_lava_flow, chequers_serial_rivers_micro_e
Lair:2:   layout_regular_city, nicolae_shoals_entry_flooding,
          nicolae_snake_entry_squirm, serial_bayou_shore_a, lemuel_fruit_fields,
          grunt_megastairs_2, uniq_amaemon
Lair:3:   layout_regular_city, beast_lair_carwin_11
Lair:4:   hangedman_what_comes_after_a, layout_concentric_octagons, special_room
          [special_room_mythical_zoo], basic_altar, eino_house_with_fridge
Lair:5:   minmay_lair_end_enchanted_forest, layout_regular_city,
          nicolae_slime_entry_field_trip, serial_bayou_crossing,
          lemuel_fruit_fields, uniq_snorg
Shoals:1: layout_shoals, uniq_kirke, uniq_nikola
Shoals:2: layout_shoals, nicolae_shoals_lost_giant_baths, nzn_prometheus_bound
Shoals:3: layout_shoals, uniq_bai_suzhen, uniq_donald
Shoals:4: shoals_end_hangedman, layout_shoals,
          portal_ice_cave_entry_ice_statue_two
Snake:1:  layout_misc_corridors
Snake:2:  layout_basic, serial_shops, nicolae_shop_hallway_plus, st_stairs_4,
          grunt_ministairs_4, lemuel_fruit_tree
Snake:3:  layout_cave_shapes, dpeg_stationary_puzzle
Snake:4:  hellmonk_snake_rune_quicksilver_temple, layout_cave_town,
          nicolae_snake_coiling_death
Orc:1:    layout_caves, hellmonk_bongcloud_opening
Orc:2:    st_orc_rangers, layout_caves, basic_altar,
          gammafunk_ghost_berserking_beasts, david_defended_altar_orc
Elf:1:    nicolae_elf_arrival_dilemma, layout_onion_city, serial_sigils,
          serial_sigils_hangedman_clutch, serial_sigils_hangedman_quiver,
          serial_sigils_hangedman_confine, serial_sigils_hangedman_stare,
          serial_shops, shop, uniq_roxanne
Elf:2:    nicolae_elf_blades_crystal_corner, layout_geoelf_grid,
          hellmonk_ghost_happy_afterlife, hangedman_elf_power_crystal,
          uniq_agnes
Elf:3:    nooodl_elf_gasket, layout_onion_city, basic_altar
Vaults:1: mu_enter_wizlab_5, v_alt_pattern_4, grunt_vaults_trifunnel,
          nicolae_vaults_little_squares_5, hangedman_vaults_nodes,
          vaults_mumra_lcd, nicolae_vaults_ring_of_whatevers,
          vaults_room_corners, nicolae_vaults_halls_meeting,
          ontoclasm_vaults_shuriken, hangedman_vaults_impose,
          hangedman_vaults_nails, layout_vaults_ring, serial_shops,
          nicolae_shop_stone
Vaults:2: portal_desolation_entry_salt, ontoclasm_vaults_gallery,
          v_alt_pattern_6, vaults_room_stairs_pillars,
          nicolae_vaults_yaktaur_gun_rack, nicolae_vaults_specimen_jars,
          nicolae_vaults_mini_display_case, layout_vaults_omnigrid
Vaults:3: vaults_dpeg_encased_lava, nicolae_vaults_circle_grid_b,
          gammafunk_the_bubble [the_bubble_gammafunk_crates],
          vaults_room_corners, v_misc_23, hangedman_vaults_restitches,
          nicolae_vaults_little_ls, v_misc_1, vaults_room_pools,
          dpeg_vaults_monster_box, layout_vaults_chaotic_city, uniq_sojobo
Vaults:4: ontoclasm_vaults_fault, st_cross, nicolae_vaults_puzzle_piece,
          nicolae_vaults_network_s, v_misc_5, hangedman_vaults_nails,
          grunt_vaults_hallway_short, vaults_mumra_minichess, v_misc_12,
          v_misc_15, v_misc_19, ontoclasm_vaults_loading_screen,
          nicolae_vaults_big_angled_halls, ontoclasm_vaults_gateway,
          nicolae_vaults_little_squares_2, layout_vaults_maze
Vaults:5: uniq_xtahua, uniq_margery
Crypt:1:  layout_rooms, evilmike_ambush [evilmike_ambush_outer_pillars,
          evilmike_ambush_inner_pond], grunt_crypt_arrival_guarded_gate,
          grunt_megastairs_1
Crypt:2:  layout_misc_corridors, st_stairs_10, palyth_stone_intersect,
          nicolae_crypt_crumbling_hall, uniq_frederick, uniq_khufu,
          uniq_saint_roka, uniq_grunn, uniq_vv
Crypt:3:  david_glass_crypt, layout_basic,
          nicolae_tomb_entry_unfolded_pyramid_orthogonal
Depths:1: layout_gridlike, abyss_entry, nicolae_cairo_tiling_large_dashed,
          grunt_mini_vestibule, laboratory
Depths:2: minmay_tri_box, layout_basic, grunt_hell_entry_dis_mu,
          rand_demon_pan_entry_1, grunt_decor_arrowhead, drop_trap,
          chequers_jeans, nrook_kobold_shadow_demons
Depths:3: evilmike_hourglass, layout_basic, nicolae_wwwww,
          hangedman_coc_ice_floe, hangedman_abyss_entry_splay
Depths:4: grunt_crosshair, layout_cave_pools, enter_ziggurat_c,
          nicolae_hexahallways, hell_entry, onia_ninara_cookie, uniq_josephina
Zot:1:    cheibrodos_zot_enchanting_chambers, layout_onion_interference,
          st_stairs_1, grunt_megastairs_3
Zot:2:    layout_gridlike
Zot:3:    layout_onion, zot_minivault_5
Zot:4:    nicolae_moth_party, layout_basic, ebering_ghost_reflecting_pool
Zot:5:    layout_basic, st_stairs_14, nrook_zot_tub

Skill      XL: |  1  2  3  4  5  6  7  8  9 10 11 12 13 14 15 16 17 18 19 20 21 22 23 24 25 26 27 |
---------------+----------------------------------------------------------------------------------+-----
Spellcasting   | 4 5 6 7 8 10 11 12 13 14 15 21 | 21.8
Fighting       | 1 3 4 6 8 10 11 12 14 16 19 21 24 | 24.5
Dodging        | 9 13 14 16 17 | 17.2
Shields        | 5 8 10 11 12 15 | 15.0
Long Blades    | 5 11 15 16 | 16.0
Evocations     | 2 7 12 13 15 19 | 19.2
Stealth        | 3 |  3.5
Throwing       | 5 |  5.7
Unarmed Combat | 9 10 | 10.0
Armour         | 9 15 | 15.0

Action                     |  1- 3 |  4- 6 |  7- 9 | 10-12 | 13-15 | 16-18 | 19-21 | 22-24 | 25-27 || total
---------------------------+-------+-------+-------+-------+-------+-------+-------+-------+-------++-------
  Melee: Unarmed           |     2 |       |     6 |     5 |       |    28 |       |    22 |       ||    63
         Trident           |       |     2 |    28 |       |       |       |       |       |       ||    30
         Staff             |       |     2 |       |       |    24 |       |     5 |       |     4 ||    35
         Punch             |       |     1 |     1 |     1 |       |     1 |       |       |       ||     4
         Hand axe          |       |       |       |     7 |       |       |       |       |       ||     7
         Long sword        |       |       |       |    21 |    52 |       |       |       |       ||    73
         Flail             |       |       |       |       |    43 |    18 |    23 |    26 |    40 ||   150
         Scimitar          |       |       |       |       |       |     6 |       |       |       ||     6
         Tailslap          |       |       |       |       |       |     8 |       |     3 |       ||    11
         Bite              |       |       |       |       |       |     4 |       |     3 |       ||     7
         Demon blade       |       |       |       |       |       |       |       |       |    71 ||    71
   Fire: Shortbow          |       |       |    53 |    75 |       |       |       |       |       ||   128
  Throw: Javelin           |       |       |       |       |     3 |    24 |    32 |    16 |    20 ||    95
         Dart              |       |       |       |       |       |    15 |       |       |       ||    15
         Boomerang         |       |       |       |       |       |       |     3 |       |    10 ||    13
         Throwing net      |       |       |       |       |       |       |       |       |     6 ||     6
   Cast: Necrotise         |    59 |   121 |   120 |   107 |   219 |       |       |       |       ||   626
         Freeze            |     1 |    20 |       |       |       |       |       |       |       ||    21
         Vampiric Draining |       |     6 |    43 |   155 |   168 |   122 |   123 |    47 |    77 ||   741
         Animate Dead      |       |     1 |     1 |    22 |    21 |    23 |    22 |    18 |    41 ||   149
         Passwall          |       |       |     1 |       |       |       |       |       |     9 ||    10
         Ice Form          |       |       |     1 |       |       |       |       |       |     2 ||     3
         Sticky Flame      |       |       |       |    27 |    74 |    49 |     6 |     1 |       ||   157
         Freezing Cloud    |       |       |       |       |    77 |    68 |    85 |    36 |     5 ||   271
         Iron Shot         |       |       |       |       |    25 |   335 |   284 |   578 |   881 ||  2103
         Dragon Form       |       |       |       |       |       |     5 |       |     1 |       ||     6
         Ozocubu's Refrige |       |       |       |       |       |       |    57 |    12 |    33 ||   102
         Agony             |       |       |       |       |       |       |     2 |       |       ||     2
         Orb of Destructio |       |       |       |       |       |       |       |     1 |   200 ||   201
         Polar Vortex      |       |       |       |       |       |       |       |       |     2 ||     2
 Invoke: Curse Item        |       |       |     1 |     4 |     3 |     4 |     1 |     2 |       ||    15
         Shatter the Chain |       |       |       |       |     2 |     3 |     3 |       |       ||     8
Ability: Breathe Fire      |       |       |       |       |       |     4 |       |       |       ||     4
         End Transformatio |       |       |       |       |       |     1 |       |       |     2 ||     3
  Evoke: Wand              |       |       |     7 |       |    11 |    23 |    16 |     2 |    37 ||    96
         Box of beasts     |       |       |       |       |       |     2 |     8 |     5 |    10 ||    25
         Tin of tremorston |       |       |       |       |       |     3 |     8 |     4 |    14 ||    29
         Phial of floods   |       |       |       |       |       |     3 |     6 |     7 |     8 ||    24
         Lightning rod     |       |       |       |       |       |     4 |     7 |    15 |    17 ||    43
         Condenser vane    |       |       |       |       |       |     1 |     8 |     4 |    10 ||    23
         Phantom mirror    |       |       |       |       |       |       |       |       |     6 ||     6
    Use: Scroll            |       |     8 |     2 |     2 |    13 |    11 |    15 |     5 |    16 ||    72
         Potion            |       |       |     5 |     2 |     1 |     7 |    18 |       |    19 ||    52
   Stab: Sleeping          |       |       |     1 |       |       |       |       |       |       ||     1
         Distracted        |       |       |       |       |     1 |     1 |       |       |     2 ||     4
 Armour: Robe              |       |    11 |    66 |    93 |   110 |    75 |    44 |       |       ||   399
         Skin              |       |       |    29 |     4 |       |    46 |       |     5 |     2 ||    86
         Acid dragon scale |       |       |       |       |       |       |     1 |    41 |    97 ||   139
  Dodge: Dodged            |    11 |    42 |   136 |   270 |   410 |   508 |   317 |   318 |   576 ||  2588
  Block: Buckler           |       |       |       |    31 |   176 |    69 |       |       |       ||   276
         Kite shield       |       |       |       |       |       |   199 |   403 |   277 |   563 ||  1442
         Reflection        |       |       |       |       |       |     7 |    79 |    17 |    21 ||   124

Table legend: (Time is in decaauts)
 A = Elapsed time spent in this place.
 B = Non-inter-level travel time spent in this place.
 C = Inter-level travel time spent in this place.
 D = Time resting spent in this place.
 E = Time spent auto-exploring this place.
 F = Levels seen in this place.
 G = Mean time per level.
                   A        B        C        D        E       F      G
               +--------+--------+--------+--------+--------+-----+--------+
         Total | 102827 |  94312 |   8515 |  40224 |  31853 |  53 | 1940.1 |
       Dungeon |  26492 |  22656 |   3836 |   9490 |   8950 |  15 | 1766.1 |
        Temple |    130 |    122 |      8 |      0 |     99 |   1 |  130.0 |
          Lair |  12371 |  11218 |   1153 |   3757 |   4681 |   5 | 2474.2 |
        Shoals |   6120 |   5939 |    181 |   1985 |   2375 |   4 | 1530.0 |
     Snake Pit |   6831 |   6415 |    416 |   2795 |   2062 |   4 | 1707.8 |
  Orcish Mines |   4809 |   4179 |    630 |   2514 |    786 |   2 | 2404.5 |
   Elven Halls |   4975 |   4676 |    299 |   1662 |   1622 |   3 | 1658.3 |
        Vaults |  11657 |  10672 |    985 |   3791 |   3898 |   5 | 2331.4 |
         Crypt |   6368 |   6087 |    281 |   3131 |   1583 |   3 | 2122.7 |
        Depths |   8779 |   8408 |    371 |   4066 |   2231 |   4 | 2194.8 |
           Zot |  11513 |  11162 |    351 |   5348 |   3071 |   5 | 2302.6 |
         Sewer |    658 |    658 |      0 |    100 |    341 |   1 |  658.0 |
      Ice Cave |   2118 |   2118 |      0 |   1582 |    153 |   1 | 2118.0 |
               +--------+--------+--------+--------+--------+-----+--------+

Top non-repeatable levels by time:
   Zot:5: 3973 daAuts
     D:8: 3119 daAuts
  Lair:4: 3012 daAuts
   Orc:1: 2890 daAuts
  Lair:1: 2788 daAuts
Vaults:3: 2779 daAuts
Vaults:5: 2664 daAuts
    D:10: 2588 daAuts
  Lair:5: 2562 daAuts
    D:14: 2531 daAuts
   Elf:3: 2522 daAuts
 Snake:2: 2521 daAuts
   Zot:1: 2512 daAuts
     D:9: 2511 daAuts
Depths:2: 2440 daAuts
